 Dungeon Crawl Stone Soup version 0.22-a0-240-g539252a (webtiles) character file.

1686 Amnesiac the Prestidigitator (level 8, -1/42 HPs)
             Began as a Spriggan Artificer on Feb 21, 2018.
             Was an Initiate of Gozag.
             Slain by a gnoll sergeant
             ... wielding a +0 halberd
              (19 damage)
             ... in a bailey.
             The game lasted 00:16:39 (6798 turns).

Amnesiac the Prestidigitator (Spriggan Artificer)   Turns: 6798, Time: 00:16:39

Health: -1/42      AC:  2    Str: 18    XL:     8   Next: 71%
Magic:  0/25       EV: 23    Int: 13    God:    Gozag
Gold:   968        SH:  0    Dex: 16    Spells: 9/14 levels left

rFire    . . .     SeeInvis +   b - +1 dagger (venom)
rCold    . . .     Gourm    .   (shield restricted)
rNeg     . . .     Faith    .   o - +0 robe
rPois    .         Spirit   +   (helmet restricted)
rElec    .         Reflect  .   (no cloak)
rCorr    .         Harm     .   (gloves unavailable)
MR       +....                  (boots unavailable)
Stlth    ++........             u - amulet of guardian spirit
HPRegen  0.14/turn              h - +3 ring of strength
MPRegen  0.19/turn              i - ring of magical power

@: mighty, very slightly contaminated, very quick
A: very small, unfitting armour, see invisible, herbivore, speed 3, slow
metabolism 2
a: Potion Petition, Call Merchant, Bribe Branch, Renounce Religion


You were in a bailey.
You worshipped Gozag.
Gozag was pleased with you.
You were not hungry.

You visited 1 branch of the dungeon, and saw 8 of its levels.
You also visited: Bailey.

You collected 989 gold pieces.
You paid 21 gold pieces to Gozag.

Inventory:

Hand Weapons
 a - a +0 hunting sling
 b - a +1 dagger of venom (weapon)
 G - the +1 falchion of Bidweck {protect, rC+ MR+ Str+4 Stlth+}
   (You found it on level 6 of the Dungeon)

   It protects the one who uses it against injury (+AC on strike).
   It affects your strength (+4).
   It protects you from cold.
   It affects your resistance to hostile enchantments.
   It makes you more stealthy.
Missiles
 k - 325 stones (quivered)
 w - 50 poisoned needles
 y - 4 throwing nets
 H - 22 sling bullets
Armour
 o - a +0 robe (worn)
Jewellery
 h - a +3 ring of strength (left hand)
 i - a ring of magical power (right hand)
 n - an uncursed ring of resist corrosion
 t - an uncursed ring of protection from magic
 u - an amulet of guardian spirit (around neck)
 I - an uncursed amulet of regeneration {unknown}
 J - a +3 amulet of reflection {unknown}
Wands
 c - a wand of flame (37)
 d - a wand of enslavement (12)
 e - a wand of random effects (10)
 z - a wand of iceblast (5)
Scrolls
 g - 3 scrolls of identify {!r, unknown}
 j - 3 scrolls of enchant armour {!r, unknown}
 m - 7 scrolls of remove curse {!r, unknown}
 p - 2 scrolls of fog {!r, unknown}
 q - 2 scrolls of amnesia {!r, unknown}
 v - a scroll of enchant weapon {!r, unknown}
 B - a scroll of teleportation {!r, unknown}
 C - a scroll of blinking {!r, unknown}
 D - a scroll of immolation {!r, unknown}
 F - a scroll of magic mapping {!r, unknown}
 M - a scroll of random uselessness {!r, unknown}
Potions
 f - 2 potions of flight {!q, unknown}
 l - 2 potions of berserk rage {!q, unknown}
 r - 2 potions of curing {!q}
 s - a potion of lignification {!q, unknown}
 A - a potion of agility {!q, unknown}
 E - 2 potions of haste {!q, unknown}
 K - a potion of might {!q}
 L - a potion of magic {!q, unknown}
 N - a potion of brilliance {!q, unknown}
Comestibles
 x - 14 rations


   Skills:
 - Level 4.3 Fighting
 - Level 2.0 Short Blades
 - Level 8.0 Dodging
 - Level 2.0 Stealth
 + Level 3.5 Spellcasting
 - Level 10.4 Evocations


You had 9 spell levels left.
You knew the following spells:

 Your Spells              Type           Power        Failure   Level  Hunger
a - Poisonous Vapours     Pois/Air       #.....       32%         2    ##.....
e - Mephitic Cloud        Conj/Pois/Air  #.......     54%         3    ###....


Dungeon Overview and Level Annotations

Branches:
Dungeon (8/15)             Temple (0/1) D:7
   Lair: D:8-11

Altars:
Gozag
Xom


Innate Abilities, Weirdness & Mutations

You are very small and have problems with some larger weapons.
You are too small for most types of armour.
You have supernaturally acute eyesight. (SInv)
You are a herbivore.
You cover ground extremely quickly.
You need consume almost no food.


Message History

Confirm with . or Enter, or press ? or * to list all spells.
Okay, then.
What are your orders? t - Shout!
Orders for allies: a - Attack new target. r - Retreat! s - Stop attacking. g - Guard the area. f - Follow me.
Anything else - Cancel.
You shout for attention!
Casting: Mephitic Cloud (quite dangerous; 54% risk of failure)
Confirm with . or Enter, or press ? or * to list all spells.
Aiming: Mephitic Cloud (quite dangerous; 54% risk of failure)
Press: ? - help, Shift-Dir - straight line, f - gnoll sergeant
Aim: a gnoll sergeant, wielding a halberd and wearing a plate armour You miscast Mephitic Cloud.
There is a short, sharp shower of sparks.
The gnoll falls into the water!
The gnoll drowns.
You now have 968 gold pieces (gained 7).
You hear a splash. x3
Casting: Mephitic Cloud (quite dangerous; 54% risk of failure)
Confirm with . or Enter, or press ? or * to list all spells.
Aiming: Mephitic Cloud (quite dangerous; 54% risk of failure)
Press: ? - help, Shift-Dir - straight line, f/p - gnoll sergeant
Aim: a gnoll sergeant, wielding a halberd and wearing a plate armour You miscast Mephitic Cloud.
You are momentarily dazzled by a flash of light!
The gnoll is distracted by your gold.
Casting: Mephitic Cloud (quite dangerous; 54% risk of failure)
Confirm with . or Enter, or press ? or * to list all spells.
You don't have enough magic to cast that spell.
Throwing (i - inventory. (/) - cycle)
k - 325 stones (quivered)
Press: ? - help, Shift-Dir - straight line, f/p - gnoll sergeant
Aim: a gnoll sergeant, wielding a halberd and wearing a plate armour
Okay, then.
The gnoll sergeant seems less confused.
The gnoll is no longer distracted by gold.
The gnoll sergeant completely misses you.
The gnoll shouts!
You hit the gnoll sergeant but do no damage.
The gnoll sergeant is distracted by your gold.
The gnoll sergeant hits you with a halberd!
Really quaff
K - 2 potions of might {!q}?
You feel very mighty all of a sudden.
You barely miss the gnoll sergeant.
The gnoll sergeant hits you but does no damage.
The gnoll misses you.
You barely miss the gnoll sergeant.
The gnoll sergeant is no longer distracted by gold.
The gnoll sergeant closely misses you. The gnoll completely misses you.
The gnoll hits you with a spear!
* * * LOW HITPOINT WARNING * * *
Things that are here:
a spear; a ring mail You puncture the gnoll!
The gnoll is poisoned.
The gnoll is severely wounded.
The gnoll sergeant closely misses you.
You hit the gnoll but do no damage.
The gnoll is severely wounded.
The gnoll hits you with a spear.
* * * LOW HITPOINT WARNING * * *
The gnoll sergeant hits you with a halberd!!
You die...
Your body crumbles into a pile of gold.

### ♣∩♣ ♣.♣ ♣♣.♣♣
♣♣.∩.♣♣♣♣
♣♣♣♣.......♣♣
♣♣♣@.g........♣♣♣
♣..gg...........♣
♣≈≈≈≈≈≈≈...≈≈≈≈≈≈≈♣
♣≈≈...............≈≈♣
♣≈.................≈♣
♣≈.######'''######.≈♣
♣≈. #...# .≈♣ ♣≈#
#...# #≈♣ ♣≈ #...# ≈♣


You could see 2 gnoll sergeants and a gnoll.

Vanquished Creatures
  A spriggan (D:7)
  The ghost of Galewind the Conjurer, an amateur DECj (D:3)
  An orc warrior (D:6)
  A sky beast (D:6)
  A centaur (D:6)
  A scorpion (D:5)
  A howler monkey (D:4)
  4 jellies
  2 crimson imps (D:5)
  4 hounds
  A centaur zombie (D:6)
  2 gnoll shamans (Bailey)
  2 orc priests
  A bullfrog skeleton (D:7)
  6 orc wizards
  Ijyb (D:4)
  5 worker ants
  9 gnolls
  6 adders
  An ooze (D:4)
  2 worms
  5 leopard geckos
  17 orcs
  3 ball pythons
  A giant cockroach (D:2)
  12 hobgoblins
  An iguana (D:2)
  4 jackals (D:1)
  3 quokkas
  8 bats
  2 frilled lizards
  A giant cockroach zombie (D:6)
  13 goblins
  6 kobolds
  2 leopard gecko skeletons
  A quokka skeleton (D:7)
  6 rats
138 creatures vanquished.

Vanquished Creatures (collateral kills)
  A gnoll (D:2)
  An adder (D:2)
  A rat (D:2)
3 creatures vanquished.

Vanquished Creatures (others)
  3 adders
  A hobgoblin (D:2)
4 creatures vanquished.

Grand Total: 145 creatures vanquished

Notes
Turn   | Place    | Note
-------+----------+-------------------------------------------
     0 | D:1      | Amnesiac the Spriggan Artificer began the quest for the Orb.
     0 | D:1      | Reached XP level 1. HP: 9/9 MP: 4/4
   188 | D:1      | Reached skill level 1 in Fighting
   192 | D:1      | Reached XP level 2. HP: 14/14 MP: 6/6
   651 | D:2      | Found a shimmering altar of Xom.
   787 | D:2      | Reached XP level 3. HP: 4/18 MP: 7/7
  1063 | D:2      | Reached skill level 5 in Evocations
  1149 | D:2      | Found an opulent altar of Gozag.
  1164 | D:2      | Became a worshipper of Gozag Ym Sagoz the Greedy
  1319 | D:1      | Reached XP level 4. HP: 22/22 MP: 8/8
  1717 | D:2      | HP: 1/22 [poisoned by an adder]
  1983 | D:2      | Reached XP level 5. HP: 15/26 MP: 10/10
  2122 | D:2      | Reached skill level 6 in Evocations
  2458 | D:3      | Noticed Galewind's ghost (amateur DECj)
  3118 | D:2      | Reached skill level 5 in Dodging
  3118 | D:2      | Reached XP level 6. HP: 26/31 MP: 12/12
  3177 | D:3      | Killed Galewind's ghost
  3177 | D:3      | Reached skill level 7 in Evocations
  3843 | D:4      | Reached XP level 7. HP: 30/35 MP: 13/13
  4032 | D:4      | Noticed Ijyb
  4046 | D:4      | Killed Ijyb
  4053 | D:4      | Reached skill level 8 in Evocations
  4410 | D:5      | Entered Level 5 of the Dungeon
  5249 | D:6      | Got a bloodstained falchion
  5359 | D:6      | Identified the +1 falchion of Bidweck {protect, rC+ MR+ Str+4 Stlth+} (You found it on level 6 of the Dungeon)
  5396 | D:6      | Reached skill level 9 in Evocations
  5661 | D:6      | Reached XP level 8. HP: 41/42 MP: 16/16
  6265 | D:7      | Reached skill level 10 in Evocations
  6337 | D:7      | Found a staircase to the Ecumenical Temple.
  6400 | D:7      | Learned a level 2 spell: Poisonous Vapours
  6407 | D:7      | Learned a level 3 spell: Mephitic Cloud
  6445 | D:7      | You fall through a shaft!
  6601 | D:7      | Found a flagged portal.
  6621 | Bailey   | Entered a bailey
  6633 | Bailey   | Reached skill level 1 in Spellcasting
  6798 | Bailey   | Slain by a gnoll sergeant

Vault maps used:
D:1:      dpeg_arrival_morbid_curiosity
D:2:      grunt_gozag_breadcrumbs, dk_xom_monty_hall
D:4:      serial_glass, glass_columns_a, glass_columns_a, uniq_ijyb
D:5:      first_ration
D:6:      minmay_crystal_water, nicolae_water_bricks
D:7:      minmay_temple_entry_junction, enter_bailey_3, basic_altar, the_bakery
D:8:      basic_altar
Bailey:   bailey_polearm_gnolls_kennysheep, bailey

Skill      XL: |  1  2  3  4  5  6  7  8 |
---------------+-------------------------+-----
Fighting       | 1 2 3 4 |  4.3
Stealth        | 2 |  2.0
Evocations     | 5 6 7 9 10 | 10.4
Short Blades   | 2 |  2.0
Dodging        | 4 5 7 8 |  8.0
Spellcasting   | 3 |  3.5

Action                   |  1- 3 |  4- 6 |  7- 9 || total
-------------------------+-------+-------+-------++-------
Melee: Short sword       |    76 |       |       ||    76
       Dagger            |       |   163 |   185 ||   348
       Falchion          |       |       |    12 ||    12
 Fire: Hunting sling     |    51 |    35 |    22 ||   108
Throw: Stone             |       |       |     1 ||     1
 Cast: Mephitic Cloud    |       |       |     6 ||     6
Evoke: Wand              |     6 |     7 |     7 ||    20
  Use: Potion            |       |     2 |     1 ||     3
 Stab: Sleeping          |       |     2 |     4 ||     6
  Eat: Ration            |       |     3 |       ||     3
Armor: Robe              |     7 |     7 |    10 ||    24
Dodge: Dodged            |    91 |   127 |   162 ||   380
       Rpst.: Falchion   |       |       |     3 ||     3

Table legend:
 A = Spawn XP
 B = Non-spawn XP
 C = Spawn XP percentage of total XP
 D = Spawn monster count
 E = Non-spawn monster count
 F = Spawn count percentage of total count
 G = Total turns spent on level
                    A         B        C        D         E        F      G
               +---------+---------+-------+---------+---------+-------+---------
         Total |       0 |    2409 |   0.0 |       0 |     142 |   0.0 |  6798
               +---------+---------+-------+---------+---------+-------+---------
           D:1 |       0 |      51 |   0.0 |       0 |      31 |   0.0 |  1048
           D:2 |       0 |     270 |   0.0 |       0 |      27 |   0.0 |  1793
           D:3 |       0 |     280 |   0.0 |       0 |      26 |   0.0 |  1055
           D:4 |       0 |     270 |   0.0 |       0 |      13 |   0.0 |   625
           D:5 |       0 |     223 |   0.0 |       0 |       5 |   0.0 |   606
           D:6 |       0 |     611 |   0.0 |       0 |      12 |   0.0 |  1118
           D:7 |       0 |     457 |   0.0 |       0 |      18 |   0.0 |   371
        Bailey |       0 |     247 |   0.0 |       0 |      10 |   0.0 |   177
               +---------+---------+-------+---------+---------+-------+---------
